 Dungeon Crawl Stone Soup version 0.30-a0-451-ge042605de7 (webtiles) character file.

Game seed: 16081074199629734874

76 cforsyth the Trooper (level 4, 0/60 HPs)
             Began as a Minotaur Berserker on Dec 12, 2022.
             Was a Believer of Trog.
             Slain by a hobgoblin (3 damage)
             ... led by Robin
             ... on level 3 of the Dungeon.
             The game lasted 00:03:04 (1757 turns).

cforsyth the Trooper (Minotaur Berserker)           Turns: 1757, Time: 00:03:05

Health: 0/60       AC:  2    Str: 24    XL:     4   Next: 12%
Magic:  3/3        EV: 12    Int:  4    God:    Trog [**....]
Gold:   141        SH:  0    Dex:  9    Spells: 3/3 levels left

rFire   . . .      SeeInvis .    a - +0 hand axe
rCold   . . .      Faith    .    (no shield)
rNeg    . . .      Spirit   .    b - +0 animal skin
rPois   .          Reflect  .    (helmet restricted)
rElec   .          Harm     .    (no cloak)
rCorr   .          Rampage  .    (no gloves)
Will    .....                    (no boots)
Stlth   ..........               (no amulet)
HPRegen 0.30/turn                (no ring)
MPRegen 0.08/turn                (no ring)

@: berserking, very quick
A: horns 2, retaliatory headbutt
a: Renounce Religion, Berserk, Trog's Hand


You were on level 3 of the Dungeon.
You worshipped Trog.
Trog was pleased with you.
You visited 1 branch of the dungeon, and saw 3 of its levels.

You collected 141 gold pieces.

Inventory:

Hand Weapons
 a - a +0 hand axe (weapon)
Armour
 b - a +0 animal skin (worn)
Jewellery
 c - a ring of ice
 d - a ring of flight
 m - an amulet of regeneration
 p - a ring of ice
Scrolls
 e - a scroll of fear {unknown}
 f - 2 scrolls of identify {unknown}
 h - a scroll of teleportation {unknown}
 i - a scroll of magic mapping {unknown}
 j - a scroll of poison {unknown}
 k - a scroll of enchant armour {unknown}
 n - a scroll of vulnerability {unknown}
Potions
 g - 4 potions of degeneration {unknown}
 l - a potion of mutation {unknown}
 o - a potion of haste {unknown}


   Skills:
 + Level 4.3 Fighting
 + Level 4.3 Axes
 + Level 3.4 Armour
 + Level 3.1 Dodging


You had 3 spell levels left.
You didn't know any spells.
Your spell library was empty.

Dungeon Overview and Level Annotations

Branches:
Dungeon (3/15)

Altars:
Dithmenos

Shops:
D:3 (


Innate Abilities, Weirdness & Mutations

You have a pair of horns on your head.
You reflexively headbutt those who attack you in melee.


Message History

Robin closely misses you. The hobgoblin misses you.
Unknown command.
Unknown command.
Unknown command.
Unknown command.
You hit Robin.
You kill Robin!
Trog accepts your kill.
You closely miss the hobgoblin. The bat closely misses you.
The hobgoblin hits you.
* * * LOW HITPOINT WARNING * * *
You have reached level 4!
You feel stronger.
Unknown command.
Unknown command.
A red film seems to cover your vision as you go berserk!
You feel yourself moving faster!
You feel mighty! The orc hits you with a +0 hand axe.
* * * LOW HITPOINT WARNING * * *
The hobgoblin hits you.
* * * LOW HITPOINT WARNING * * *
Unknown command.
Unknown command.
Unknown command.
Unknown command.
You barely miss the orc. You headbutt the orc!
You kill the orc!
Trog accepts your kill.
You hit the hobgoblin. The bat hits you.
* * * LOW HITPOINT WARNING * * *
Unknown command.
Unknown command.
Unknown command.
You slash the bat!
You kill the bat!
Trog accepts your kill.
You hit the hobgoblin.
The hobgoblin no longer looks unusually strong.
The hobgoblin hits you.
You die...

# . #.... # #.#.###
...... ## #....# .#
#....# .# #r...
#)g# #@)# #).#
##..#
############...# #
#..........)...#
.#.#.##########...#
...........# ##.##
##.#.#####.# #.#
#.#.# #.# #..


You could see a quokka and a hobgoblin.

Vanquished Creatures
  Robin (D:3)
  3 dart slugs (D:1)
  An orc (D:3)
  5 endoplasms
  2 giant cockroaches (D:1)
  15 goblins
  3 hobgoblins
  A quokka (D:1)
  3 ball pythons (D:1)
  6 bats
  3 frilled lizards
  6 kobolds
  4 rats
53 creatures vanquished.

Notes
Turn   | Place    | Note
-------+----------+-------------------------------------------
     0 | D:1      | cforsyth the Minotaur Berserker began the quest for the
                  | Orb.
     0 | D:1      | Reached XP level 1. HP: 19/19 MP: 0/0
    29 | D:1      | Found a faded altar of an unknown god.
   112 | D:1      | Reached XP level 2. HP: 22/27 MP: 1/1
   372 | D:1      | Reached ** piety under Trog
   407 | D:1      | Reached XP level 3. HP: 31/33 MP: 2/2
  1031 | D:2      | Found a shadowy altar of Dithmenos.
  1666 | D:3      | Found Ywinubbu's Antique Weapon Shop.
  1741 | D:3      | Noticed Robin
  1754 | D:3      | Killed Robin
  1755 | D:3      | Reached XP level 4. HP: 9/40 MP: 3/3
  1756 | D:3      | HP: 3/60 [bat (1)]
  1757 | D:3      | Slain by a hobgoblin

Illustrated notes

Levels and vault maps discovered:
D:1:      reono_arrival_forest_river, layout_basic,
          hellmonk_ecumenical_altar_run_dry, st_stairs_5
D:2:      layout_basic, basic_altar, minmay_curled_crystal
D:3:      layout_loops_ring, serial_shops, nicolae_lakefront_shop, uniq_robin

Skill      XL: |  1  2  3 |
---------------+----------+-----
Fighting       | 4 |  4.3
Axes           | 4 |  4.3
Armour         | 3 |  3.4
Dodging        | 3 |  3.1

Action                   |  1- 3 |  4- 6 || total
-------------------------+-------+-------++-------
Melee: Hand axe          |   100 |     2 ||   102
       Headbutt          |    14 |     1 ||    15
Invok: Berserk           |       |     1 ||     1
 Stab: Sleeping          |     1 |       ||     1
Armor: Animal skin       |    24 |       ||    24
Dodge: Dodged            |    69 |       ||    69

Table legend: (Time is in decaauts)
 A = Elapsed time spent in this place.
 B = Non-inter-level travel time spent in this place.
 C = Inter-level travel time spent in this place.
 D = Time resting spent in this place.
 E = Time spent auto-exploring this place.
 F = Levels seen in this place.
 G = Mean time per level.
                   A        B        C        D        E       F      G
               +--------+--------+--------+--------+--------+-----+--------+
         Total |   1770 |   1734 |     36 |      0 |   1451 |   3 |  590.0 |
       Dungeon |   1770 |   1734 |     36 |      0 |   1451 |   3 |  590.0 |
               +--------+--------+--------+--------+--------+-----+--------+

Top non-repeatable levels by time:
     D:2: 818 daAuts
     D:1: 776 daAuts
     D:3: 175 daAuts
